 Dungeon Crawl Stone Soup version 0.20.1-1-g8b1a95d (webtiles) character file.

12583 JeffiDaFish the Fighter (level 11, -2/87 HPs)
             Began as a Demonspawn Monk on Oct 23, 2017.
             Was a Priest of Sif Muna.
             Slain by a catoblepas (12 damage)
             ... on level 2 of the Lair of Beasts.
             The game lasted 00:32:23 (11019 turns).

JeffiDaFish the Fighter (Demonspawn Monk)          Turns: 11019, Time: 00:32:23

Health: -2/87      AC: 12    Str: 11    XL:     11   Next: 64%
Magic:  13/16      EV:  2    Int: 16    God:    Sif Muna [***...]
Gold:   628        SH:  0    Dex: 21    Spells: 5/17 levels left

rFire    . . .     SeeInvis .   j - +9 rapier "Xemmamm" {freeze, Int+4}
rCold    . . .     Gourm    .   g - +0 buckler
rNeg     + + +     Faith    .   i - +3 ring mail
rPois    ∞         Spirit   .   (helmet restricted)
rElec    .         Reflect  .   w - scarf {repulsion}
rCorr    +         Harm     .   d - +2 pair of gloves
MR       .....                  (no boots)
Stlth    ++........             C - amulet of regeneration
Regen    0.7/turn               e - ring of resist corrosion
MPRegen  0.2/turn               k - +2 ring of dexterity

@: petrified, repel missiles
A: claws 1, horns 2, talons 1, powered by death 1, spiny 2
a: Divine Energy, Channel Magic, Renounce Religion


You were on level 2 of the Lair of Beasts.
You worshipped Sif Muna.
Sif Muna was most pleased with you.
You were full.

You visited 3 branches of the dungeon, and saw 11 of its levels.

You collected 628 gold pieces.

Inventory:

Hand Weapons
 j - the +9 rapier "Xemmamm" (weapon) {freeze, Int+4}
   (You found it on level 4 of the Dungeon)

   It has been specially enchanted to freeze those struck by it, causing extra
   injury to most foes and up to half again as much damage against particularly
   susceptible opponents.
   It can also slow down cold-blooded creatures.
   It affects your intelligence (+4).
Armour
 b - a +0 cloak
 d - a +2 pair of gloves (worn)
 g - a +0 buckler (worn)
 i - a +3 ring mail (worn)
 w - a scarf of repulsion (worn)
Jewellery
 e - a ring of resist corrosion (left hand)
 k - a +2 ring of dexterity (right hand)
 t - an uncursed ring of ice
 C - an amulet of regeneration (around neck)
Wands
 q - a wand of iceblast (8/15)
Scrolls
 a - a scroll of identify
 n - 3 scrolls of magic mapping
 u - 3 scrolls of enchant weapon
 v - 2 scrolls of remove curse
 x - 2 scrolls of blinking
 z - a scroll of teleportation
Potions
 m - a potion of curing
 o - a potion of flight
 r - 2 potions of agility
 A - a potion of might
 B - a potion of magic
Books
 s - a Young Poisoner's Handbook

   Spells                             Type                      Level
   a - Sting                          Conjuration/Poison           1
   b - Poisonous Vapours              Poison/Air                   2
   c - Mephitic Cloud                 Conjuration/Poison/Air       3
   d - Olgreb's Toxic Radiance        Poison                       4
   e - Venom Bolt                     Conjuration/Poison           5
 y - a book of Misfortune

   Spells                             Type                      Level
   a - Confusing Touch                Hexes                        1
   b - Confuse                        Hexes                        3
   c - Gell's Gravitas                Translocation                3
   d - Petrify                        Transmutation/Earth          4
   e - Metabolic Englaciation         Hexes/Ice                    5
   f - Yara's Violent Unravelling     Hexes/Transmutation          5
Comestibles
 c - 5 bread rations
 f - 7 chunks of flesh
 h - 5 fruits
 l - 4 meat rations
 p - 2 royal jellies


   Skills:
 * Level 8.3 Fighting
 * Level 7.4(7.8) Short Blades
   Level 3.4(5.9) Long Blades
 * Level 4.3 Armour
 * Level 7.5 Dodging
 - Level 2.7 Stealth
 - Level 6.8 Shields
 + Level 3.9 Spellcasting
 + Level 3.2 Conjurations
 + Level 4.1 Air Magic
 + Level 4.8 Poison Magic


You had 5 spell levels left.
You knew the following spells:

 Your Spells              Type           Power        Failure   Level  Hunger
a - Poisonous Vapours     Pois/Air       ###...       9%          2    ##.....
b - Mephitic Cloud        Conj/Pois/Air  ###.....     22%         3    ###....
c - Olgreb's Toxic Radia  Pois           ###.....     45%         4    ####...
d - Confuse               Hex            #.......     75%         3    ###....


Dungeon Overview and Level Annotations

Branches:
Dungeon (8/15)             Temple (1/1) D:7            Lair (2/6) D:8
  Swamp: Lair:2-4    Shoals: Lair:2-4     Snake: Lair:2-4    Spider: Lair:2-4

Altars:
Ashenzari
Cheibriados
Dithmenos
Elyvilon
Fedhas
Gozag
Hepliaklqana
Kikubaaqudgha
Makhleb
Nemelex Xobeh
Okawaru
Qazlal
Ru
Sif Muna
Trog
Vehumet
Xom
Yredelemnul
Zin
The Shining One

Annotations:
D:3 Dmg11's ghost, amateur MiFi


Innate Abilities, Weirdness & Mutations

You have sharp fingernails.
You have a pair of horns on your head.
You have sharp toenails.
You regenerate a little health from kills.
You are mostly covered in sharp spines.


Message History

* * * LOW HITPOINT WARNING * * *
You are engulfed in calcifying dust.
The spiny frog stings you but does no damage.
The catoblepas gores you!
* * * LOW HITPOINT WARNING * * *
You are engulfed in calcifying dust.
The komodo dragon bites the catoblepas but does no damage.
The spiny frog stings you.
* * * LOW HITPOINT WARNING * * *
The catoblepas completely misses you.
You are engulfed in calcifying dust.
The spiny frog is struck by your spines.
The spiny frog stings you.
* * * LOW HITPOINT WARNING * * *
The catoblepas gores you but does no damage.
The spiny frog completely misses you.
The komodo dragon bites itself!
The catoblepas gores you!
* * * LOW HITPOINT WARNING * * *
The spiny frog barely misses you. The catoblepas gores you!!
You die...

.......................
......................#
......$...#............#
.....P....P...........##
......l.....#..........P
............#.......#...
#...#.............#..>.
..
#.....FY.........####..
..
.#....@......#..<.###..
#
...........#..#.P....#..
#.
............#..........#
..
.....#..................
..
...§.#.P##..............
.. ....
...##.P#........... .
... ........P.....†....#
.. ...
..................## .#
............#


You could see a catoblepas, a komodo dragon (confused) and a spiny frog.

Vanquished Creatures
  3 hydras
  A two-headed ogre (D:7)
  The ghost of Dmg11 the Fighter, a novice DrFi of Okawaru (D:5)
  An elephant (D:7)
  A black mamba (Lair:1)
  4 spiny frogs
  A komodo dragon (Lair:1)
  2 rime drakes (Lair:1)
  A queen bee (D:8)
  6 hippogriffs
  A hungry ghost (D:7)
  3 basilisks
  A water moccasin (Lair:1)
  2 porcupines (Lair:1)
  A sky beast (D:6)
  4 ice beasts
  An orc warrior (D:6)
  2 phantoms
  4 ogres
  6 wolves
  3 centaurs
  2 crocodiles (Lair:1)
  9 bullfrogs
  3 scorpions
  20 killer bees
  9 wights
  An electric eel (Lair:1)
  3 howler monkeys
  4 crimson imps
  A centaur zombie (D:7)
  3 orc priests
  4 orc wizards (D:7)
  2 jellies
  2 centaur skeletons
  An iguana (D:6)
  5 worker ants
  A worker ant zombie (D:5)
  A howler monkey zombie (D:7)
  Robin (D:3)
  10 gnolls
  6 adders
  A howler monkey skeleton (D:6)
  A shadow imp (D:5)
  An adder zombie (D:7)
  2 worms
  2 dart slugs (D:2)
  8 leopard geckos
  24 orcs
  7 giant cockroaches
  11 goblins
  8 hobgoblins
  12 jackals
  2 quokkas
  7 bats
  4 frilled lizards
  A jackal skeleton (D:5)
  4 kobolds
  A leopard gecko skeleton (D:4)
  A leopard gecko zombie (D:5)
  5 rats
  A bush (D:1)
  A plant (D:1)
241 creatures vanquished.

Vanquished Creatures (others)
  3 plants (D:8)
3 creatures vanquished.

Grand Total: 244 creatures vanquished

Notes
Turn   | Place    | Note
-------+----------+-------------------------------------------
     0 | D:1      | JeffiDaFish the Demonspawn Monk began the quest for the Orb.
     0 | D:1      | Reached XP level 1. HP: 18/18 MP: 1/1
   574 | D:1      | Gained mutation: You regenerate a little health from kills. [demonic ancestry]
   574 | D:1      | Reached XP level 2. HP: 18/24 MP: 2/2
   942 | D:1      | Reached XP level 3. HP: 29/29 MP: 3/3
  1399 | D:2      | Found a stormy altar of Qazlal.
  1949 | D:2      | Gained mutation: You have a pair of small horns on your head. [demonic ancestry]
  1949 | D:2      | Reached XP level 4. HP: 35/36 MP: 4/4
  2169 | D:3      | Noticed Robin
  2215 | D:3      | Killed Robin
  2215 | D:3      | Reached skill level 1 in Shields
  2670 | D:3      | Noticed Dmg11's ghost (amateur MiFi)
  3489 | D:4      | Reached XP level 5. HP: 10/42 MP: 5/5
  3507 | D:4      | Reached skill level 4 in Fighting
  3712 | D:4      | Noticed a phantom
  3775 | D:4      | Killed a phantom
  3775 | D:4      | Gained mutation: You have sharp toenails. [demonic ancestry]
  3775 | D:4      | Reached XP level 6. HP: 29/48 MP: 6/6
  4226 | D:4      | Found a shimmering altar of Xom.
  4331 | D:4      | Identified the +9 rapier "Xemmamm" {freeze, Int+4} (You found it on level 4 of the Dungeon)
  4363 | D:5      | Entered Level 5 of the Dungeon
  4415 | D:5      | Found a blossoming altar of Fedhas.
  4474 | D:5      | Found a snail-covered altar of Cheibriados.
  4648 | D:5      | Gained mutation: You are partially covered in sharp spines. [demonic ancestry]
  4648 | D:5      | Reached XP level 7. HP: 55/55 MP: 7/7
  4653 | D:5      | Found a bloodstained altar of Trog.
  4683 | D:5      | Reached skill level 1 in Short Blades
  4692 | D:5      | Learned a level 2 spell: Poisonous Vapours
  4967 | D:5      | Noticed Dmg11's ghost (novice DrFi)
  4984 | D:5      | Killed Dmg11's ghost
  4984 | D:5      | Reached skill level 5 in Shields
  4984 | D:5      | Gained mutation: You have a pair of horns on your head. [demonic ancestry]
  4984 | D:5      | Reached XP level 8. HP: 33/61 MP: 8/8
  5355 | D:6      | Found a basalt altar of Yredelemnul.
  5652 | D:6      | Found a hazy altar of Hepliaklqana.
  5960 | D:6      | Reached skill level 5 in Fighting
  5960 | D:6      | Reached skill level 1 in Poison Magic
  5989 | D:6      | Reached XP level 9. HP: 36/68 MP: 8/10
  6201 | D:6      | Reached skill level 1 in Air Magic
  6255 | D:6      | Reached skill level 1 in Spellcasting
  6454 | D:6      | Learned a level 3 spell: Mephitic Cloud
  6537 | D:6      | Reached skill level 5 in Dodging
  7034 | D:7      | Reached skill level 5 in Short Blades
  7218 | D:7      | Found a staircase to the Ecumenical Temple.
  7228 | Temple   | Entered the Ecumenical Temple
  7317 | Temple   | Became a worshipper of Sif Muna the Loreminder
  7317 | Temple   | Reached * piety under Sif Muna
  7317 | Temple   | Reached ** piety under Sif Muna
  7736 | D:7      | Reached skill level 6 in Fighting
  7882 | D:8      | Noticed a two-headed ogre
  7894 | D:7      | Killed a two-headed ogre
  8097 | D:8      | Noticed a queen bee
  8103 | D:8      | Gained mutation: You are mostly covered in sharp spines. [demonic ancestry]
  8103 | D:8      | Reached XP level 10. HP: 66/77 MP: 6/13
  8162 | D:8      | Found a shadowy altar of Dithmenos.
  8265 | D:8      | Found a hazy altar of Hepliaklqana.
  8326 | D:8      | Reached skill level 1 in Armour
  8337 | D:8      | Noticed an elephant
  8347 | D:8      | Reached skill level 1 in Conjurations
  8656 | D:7      | Killed an elephant
  8679 | D:7      | Reached skill level 7 in Fighting
  8856 | D:8      | Found a staircase to the Lair.
  9119 | D:8      | Found a sacrificial altar of Ru.
  9214 | Lair:1   | Entered Level 1 of the Lair of Beasts
  9214 | Lair:1   | Noticed a spiny frog
  9214 | Lair:1   | Noticed a black mamba
  9224 | D:8      | Killed a spiny frog
  9243 | D:8      | Reached *** piety under Sif Muna
  9314 | Lair:1   | Killed a black mamba
  9379 | Lair:1   | Noticed a four-headed hydra
  9387 | Lair:1   | Killed a four-headed hydra
  9387 | Lair:1   | Gained mutation: You have sharp fingernails. [demonic ancestry]
  9387 | Lair:1   | Reached XP level 11. HP: 77/85 MP: 16/16
  9573 | Lair:1   | Noticed a four-headed hydra
  9580 | Lair:1   | Killed a four-headed hydra
  9828 | Lair:1   | Learned a level 4 spell: Olgreb's Toxic Radiance
  9832 | Lair:1   | Learned a level 3 spell: Confuse
  9894 | Lair:1   | Reached skill level 8 in Fighting
 10638 | Lair:2   | Noticed a five-headed hydra
 10647 | Lair:2   | Killed a five-headed hydra
 10990 | Lair:2   | Noticed a catoblepas
 11019 | Lair:2   | Slain by a catoblepas

Skill      XL: |  1  2  3  4  5  6  7  8  9 10 11 |
---------------+----------------------------------+-----
Long Blades    | 3 |  3.4
Dodging        | 3 4 5 6 7 |  7.5
Shields        | 1 2 3 5 6 |  6.8
Fighting       | 4 5 6 7 8 |  8.3
Stealth        | 2 |  2.7
Short Blades   | 3 4 5 6 7 |  7.4
Poison Magic   | 1 3 4 |  4.8
Air Magic      | 2 3 4 |  4.1
Spellcasting   | 2 3 |  3.9
Armour         | 3 4 |  4.3
Conjurations   | 2 3 |  3.2

Action                   |  1- 3 |  4- 6 |  7- 9 | 10-12 || total
-------------------------+-------+-------+-------+-------++-------
Melee: Falchion          |   438 |   213 |       |       ||   651
       Headbutt          |       |    55 |    32 |    44 ||   131
       Rapier            |       |    19 |   166 |   209 ||   394
       Kick              |       |    14 |    42 |    62 ||   118
 Cast: Poisonous Vapours |       |       |     7 |    10 ||    17
       Mephitic Cloud    |       |       |     1 |     5 ||     6
  Use: Scroll            |     6 |     6 |     3 |     4 ||    19
       Potion            |     7 |     3 |     3 |     3 ||    16
 Stab: Sleeping          |     2 |       |     7 |     1 ||    10
       Distracted        |     1 |     1 |       |       ||     2
       Invisible         |       |       |       |     1 ||     1
       Confused          |       |       |       |     1 ||     1
  Eat: Chunk             |    11 |    13 |    12 |     8 ||    44
Armor: Robe              |    12 |       |       |       ||    12
       Ring mail         |    48 |    62 |    48 |    91 ||   249
Dodge: Dodged            |   106 |   115 |    69 |   134 ||   424
       Deflected         |       |       |       |     1 ||     1
Block: Buckler           |     5 |    43 |    39 |    77 ||   164
       Rpst.: Falchion   |    42 |    22 |       |       ||    64
